 Dungeon Crawl Stone Soup version 0.27.1-34-g3ba077fa99 (webtiles) character file.

Game seed: 7693494204259929655

8904 pkoi the Devastator (level 11, -8/74 HPs)
             Began as a White Draconian Conjurer on Jan 25, 2022.
             Was an Elder of Sif Muna.
             Mangled by a seven-headed hydra (10 damage)
             ... on level 10 of the Dungeon.
             The game lasted 00:17:55 (18171 turns).

pkoi the Devastator (White Draconian Conjurer)     Turns: 18171, Time: 00:17:58

Health: -8/74      AC: 18    Str:  9    XL:     11   Next: 16%
Magic:  17/17      EV: 12    Int: 22    God:    Sif Muna [****..]
Gold:   607        SH:  0    Dex: 10    Spells: 5/18 levels left

rFire    . . .     SeeInvis .   f - +2 short sword (venom)
rCold    + . .     Faith    .   (no shield)
rNeg     . . .     Spirit   .   (armour unavailable)
rPois    .         Reflect  .   (helmet restricted)
rElec    .         Harm     .   a - +1 cloak {Will+}
rCorr    .         Rampage  .   u - +1 pair of gloves
Will     +....                  r - +2 pair of boots {Stlth+}
Stlth    +++.......             (no amulet)
HPRegen  0.22/turn              c - +4 ring of protection
MPRegen  0.15/turn              (no ring)

@: short of breath, studying Translocations
A: breathe frost, AC +7, unfitting armour, cold resistance 1, cold-blooded
a: Breathe Frost, Renounce Religion, Channel Magic, Forget Spell, Divine
Exegesis


You were on level 10 of the Dungeon.
You worshipped Sif Muna.
Sif Muna was greatly pleased with you.
You visited 2 branches of the dungeon, and saw 12 of its levels.
You also visited: Sewer and Ossuary.

You collected 607 gold pieces.

Inventory:

Hand Weapons
 f - a +2 short sword of venom (weapon)
 h - a +1 dagger of freezing
Missiles
 g - 76 poisoned darts
 t - a throwing net
Armour
 a - a +1 cloak of willpower (worn)
 r - a +2 pair of boots of stealth (worn)
 s - a scarf of repulsion
 u - a +1 pair of gloves (worn)
Jewellery
 c - a +4 ring of protection (left hand)
Wands
 l - a wand of polymorph (9)
 v - a wand of flame (36)
 w - a wand of acid (18)
Scrolls
 m - 7 scrolls of teleportation
 n - 5 scrolls of identify
 p - a scroll of brand weapon
 q - 4 scrolls of enchant armour
 y - a scroll of enchant weapon
 z - a scroll of vulnerability {unknown}
Potions
 b - a potion of attraction
 d - 4 potions of flight
 e - a potion of brilliance {unknown}
 i - 6 potions of curing
 j - 2 potions of magic
 k - a potion of heal wounds
 o - a potion of lignification {unknown}
 x - 3 potions of ambrosia {unknown}


   Skills:
 - Level 1.7 Dodging
 - Level 1.7 Stealth
 - Level 4.2 Spellcasting
 * Level 15.1 Conjurations
 - Level 1.0 Hexes
 + Level 7.4 Invocations


You had 5 spell levels left.
You knew the following spells:

 Your Spells              Type           Power      Damage    Failure   Level
a - Magic Dart            Conj           100%       1d8       1%          1
b - Searing Ray           Conj           100%       3d7       1%          2
c - Dazzling Flash        Conj/Hex       80%        N/A       1%          3
d - Iskenderun's Battles  Conj           63%        2d11      1%          5
e - Ensorcelled Hibernat  Hex/Ice        14%        N/A       13%         2

Your spell library contained the following spells:

 Spells                   Type           Power      Damage    Failure   Level
 Fulminant Prism          Conj/Hex       20%        3d13      4%          4
 Iskenderun's Mystic Bla  Conj/Tloc      37%        2d9       4%          4
 Corona                   Hex            10%        N/A       7%          1
 Pain                     Necr           16%        1d4       11%         1
 Tukima's Dance           Hex            9%         N/A       22%         3
 Gell's Gravitas          Tloc           2%         N/A       32%         3
 Teleport Other           Tloc           4%         N/A       32%         3
 Agony                    Necr           4%         N/A       97%         5
 Excruciating Wounds      Necr           2%         N/A       97%         5
 Iron Shot                Conj/Erth      18%        9d4       58%         6
 Spellforged Servitor     Conj/Summ      18%        N/A       99%         7
 Dispersal                Tloc           2%         N/A       100%        6


Dungeon Overview and Level Annotations

Branches:
Dungeon (11/15)            Temple (1/1) D:7             Orc (0/2) D:11
  Sewer (visited)         Ossuary (visited)
   Lair: D:8-11

Altars:
Ashenzari
Cheibriados
Dithmenos
Elyvilon
Fedhas
Gozag
Hepliaklqana
Kikubaaqudgha
Makhleb
Nemelex Xobeh
Okawaru
Qazlal
Ru
Sif Muna
Trog
Uskayaw
Vehumet
Wu Jian
Xom
Yredelemnul
Zin
The Shining One

Shops:
D:10 ?

Annotations:
D:8 1 runed translucent door, Flarelocke's ghost, novice TrFi


Innate Abilities, Weirdness & Mutations

You can breathe waves of freezing cold which knock back foes.
Your icy white scales are hard. (AC +7)
You cannot fit into any form of body armour.
Your flesh is cold resistant. (rC+)
You are cold-blooded and may be slowed by cold attacks.


Message History

The seven-headed hydra barely misses you.
The seven-headed hydra closely misses you. x2
The seven-headed hydra bites you.
The seven-headed hydra closely misses you.
The seven-headed hydra bites you!
* * * LOW HITPOINT WARNING * * *
There is an open door here.
There is an open door here.
A komodo dragon comes into view.
You have got your breath back.
Press: ? - help, Shift-Dir - straight line, f/p - seven-headed hydra
Aim: a seven-headed hydra You exhale a wave of freezing cold.
The freezing breath hits the seven-headed hydra!
The seven-headed hydra is moderately wounded.
The komodo dragon hisses angrily.
The seven-headed hydra bites you but does no damage.
The seven-headed hydra bites you!
* * * LOW HITPOINT WARNING * * *
The seven-headed hydra bites you!
* * * LOW HITPOINT WARNING * * *
The seven-headed hydra bites you!
* * * LOW HITPOINT WARNING * * *
The seven-headed hydra closely misses you.
The seven-headed hydra misses you.
The seven-headed hydra closely misses you.
Okay, then.
Unknown command.
Okay, then.
Unknown command.
Okay, then.
Unknown command.
Unknown command.
The seven-headed hydra bites you but does no damage.
The seven-headed hydra bites you!
* * * LOW HITPOINT WARNING * * *
The seven-headed hydra bites you.
* * * LOW HITPOINT WARNING * * *
The seven-headed hydra bites you!
You die...

...........# ###+####
#..... #..........#
#...(..# #####.###.
#..........# #......#
#.......#.
#..........###......#
#.#####.#.
#............#......#
#.#.#.
#.......[..#.#......#
#.#>#.
#..........#.'......+
#....(
#########.####......#
###.## #.# ###@#### #.##
#.# #D.# #..# ..#
####.#### ####'#
.#####.......# #..... ##
#..........# #.....
#.##...l..<# #.....
####.##.<.....# ###.....
#....##)......#####.'.....
#######.......##....#.####


You could see a seven-headed hydra and a komodo dragon.

Vanquished Creatures
  Harold (D:7)
  2 trolls
  A hornet (D:9)
  A shadow (D:10)
  3 wyverns
  13 yaks
  An acid dragon (D:9)
  4 water moccasins
  3 ice beasts
  3 sky beasts
  4 ogres
  3 orc warriors
  A black bear (D:5)
  A necrophage (D:6)
  A centaur (D:7)
  6 kobold brigands
  An elf zombie (Ossuary)
  4 bullfrogs
  2 scorpions (D:5)
  10 killer bees
  A wight (D:4)
  6 howler monkeys
  6 centaur zombies
  A centaur skeleton (D:6)
  2 hounds (D:5)
  2 human zombies (Ossuary)
  3 jellies
  Crazy Yiuf (D:6)
  A gnoll shaman (D:9)
  4 orc priests
  3 iguanas
  11 orc wizards
  2 hound skeletons (D:4)
  4 mummies
  4 gnolls (D:9)
  A howler monkey zombie (D:9)
  7 adders
  A howler monkey skeleton (D:4)
  A river rat (Sewer)
  A shadow imp (D:7)
  4 adder zombies (Ossuary)
  2 adder skeletons
  6 worms
  5 dart slugs
  36 orcs
  10 ball pythons
  10 bats
  5 endoplasms
  3 giant cockroaches
  6 goblins
  4 hobgoblins
  7 jackals (D:4)
  2 quokkas
  4 frilled lizards
  A gnoll zombie (Ossuary)
  4 goblin zombies (Ossuary)
  2 hobgoblin zombies (Ossuary)
  3 jackal zombies (Ossuary)
  26 kobolds
  4 kobold zombies (Ossuary)
  2 orc zombies (Ossuary)
  7 quokka zombies (Ossuary)
  15 rats
  4 rat zombies (Ossuary)
299 creatures vanquished.

Vanquished Creatures (others)
  29 plants (D:10)
29 creatures vanquished.

Grand Total: 328 creatures vanquished

Notes
Turn   | Place    | Note
-------+----------+-------------------------------------------
     0 | D:1      | pkoi the Draconian Conjurer began the quest for the Orb.
     0 | D:1      | Reached XP level 1. HP: 14/14 MP: 3/3
   425 | D:1      | Reached XP level 2. HP: 20/20 MP: 3/5
  1125 | D:2      | Reached XP level 3. HP: 11/26 MP: 0/7
  2003 | D:1      | Learned a level 2 spell: Searing Ray
  2007 | D:1      | Learned a level 3 spell: Dazzling Flash
  2878 | D:2      | Reached XP level 4. HP: 33/33 MP: 5/8
  3526 | D:2      | Reached skill level 5 in Conjurations
  3572 | D:3      | Found a glowing drain.
  3578 | Sewer    | Entered a sewer
  3848 | Sewer    | Noticed a kobold brigand
  3871 | Sewer    | Killed a kobold brigand
  3872 | Sewer    | Reached XP level 5. HP: 9/38 MP: 1/10
  4412 | Sewer    | Reached skill level 6 in Conjurations
  4424 | Sewer    | Reached XP level 6. HP: 28/45 MP: 5/12
  4803 | D:3      | Found a faded altar of an unknown god.
  4951 | D:3      | Noticed a water moccasin
  4963 | D:3      | Killed a water moccasin
  5112 | D:3      | Reached skill level 1 in Hexes
  5406 | D:3      | Found a shimmering blue altar of Sif Muna.
  5466 | D:3      | Learned a level 5 spell: Iskenderun's Battlesphere
  5492 | D:3      | Became a worshipper of Sif Muna the Loreminder
  5585 | D:3      | Found a radiant altar of Vehumet.
  5979 | D:4      | Reached skill level 7 in Conjurations
  5979 | D:4      | Your scales start taking on an icy white colour.
  5979 | D:4      | Reached XP level 7. HP: 50/50 MP: 6/13
  5979 | D:4      | Gained mutation: Your flesh is cold resistant. (rC+) [White
                  | Draconian growth]
  6402 | D:4      | Reached * piety under Sif Muna
  6590 | D:4      | Reached skill level 8 in Conjurations
  6861 | D:4      | Reached skill level 1 in Invocations
  7461 | D:5      | Entered Level 5 of the Dungeon
  7741 | D:5      | Reached XP level 8. HP: 53/57 MP: 8/14
  7986 | D:5      | Reached skill level 9 in Conjurations
  8130 | D:5      | Found a hide-covered altar of Uskayaw.
  8511 | D:5      | Learned a level 2 spell: Ensorcelled Hibernation
  8796 | D:5      | Reached skill level 10 in Conjurations
  9294 | D:6      | Reached ** piety under Sif Muna
  9499 | D:6      | Found a broken altar of Ashenzari.
  9667 | D:6      | Reached skill level 11 in Conjurations
  9667 | D:6      | Reached XP level 9. HP: 62/62 MP: 11/15
 10210 | D:6      | Found a runed translucent door.
 10211 | D:6      | Noticed Crazy Yiuf
 10622 | D:6      | Found a basalt altar of Yredelemnul.
 10643 | D:6      | Reached skill level 12 in Conjurations
 10753 | D:6      | Killed Crazy Yiuf
 10890 | D:7      | Noticed Harold
 10897 | D:7      | Killed Harold
 11036 | D:7      | Found a staircase to the Ecumenical Temple.
 11054 | Temple   | Entered the Ecumenical Temple
 11299 | D:7      | Reached skill level 13 in Conjurations
 12181 | D:7      | Found a glowing golden altar of the Shining One.
 12257 | D:7      | Reached XP level 10. HP: 69/69 MP: 7/16
 12863 | D:8      | Found a runed translucent door.
 12863 | D:8      | Noticed Flarelocke's ghost (novice TrFi)
 13314 | D:8      | Found a sand-covered staircase.
 13324 | Ossuary  | Entered an ossuary
 13798 | Ossuary  | Reached *** piety under Sif Muna
 14656 | D:8      | You fall into a shaft and drop 3 floors!
 14681 | D:11     | Reached skill level 5 in Invocations
 14805 | D:11     | Found a staircase to the Orcish Mines.
 14832 | D:11     | Reached skill level 14 in Conjurations
 15194 | D:10     | Entered Level 10 of the Dungeon
 16612 | D:9      | Reached **** piety under Sif Muna
 16780 | D:9      | Reached XP level 11. HP: 74/74 MP: 8/17
 17777 | D:10     | Reached skill level 15 in Conjurations
 18087 | D:10     | Found Limu's Magic Scroll Boutique.
 18135 | D:10     | Noticed a seven-headed hydra
 18171 | D:10     | HP: 2/74 [seven-headed hydra (5)]
 18171 | D:10     | Mangled by a seven-headed hydra

Illustrated notes

Levels and vault maps discovered:
D:1:      psy_arrival_conway, layout_basic, solitary_fountain,
          minmay_misc_feat_square, chequers_serial_rivers_micro_c
D:2:      layout_loops_ring, minmay_stone_trees_small, minmay_tromino_v7
D:3:      minmay_wonky_spiral, layout_loops_ring, lemuel_coloured_pillars_altar,
          amcnicky_altar_gilded, cheibrodos_sewer_entry_sluice,
          ebering_ecumenical_altar_mist
D:4:      layout_basic, minmay_misc_feat_diagonals, minmay_manual_mess
D:5:      layout_loops_ring, eat_drink_and_be_merry_uskayaw,
          minmay_increasing_density
D:6:      layout_loops_ring, lemuel_round_altar, kennysheep_mini,
          hangedman_minor_gate_pass, uniq_crazy_yiuf_cottage
D:7:      layout_layer_cave, nicolae_tso_carved_into_rock,
          minmay_temple_entry_junction, uniq_harold
D:8:      layout_basic, gup_ossuary_entry_pyramid, serial_glass,
          glass_columns_b, glass_columns_a, hellmonk_ghost_happy_afterlife
D:9:      layout_loops_ring
D:10:     layout_roguey, david_lair_shrubbed, grunt_ministairs_10,
          nicolae_take_the_stairs, water_maze_lemuel, uniq_maurice
D:11:     layout_small_grid, orc_0_dummy, serial_bayou_pond_b
Temple:   eino_temple_scatter_basement

Skill      XL: |  1  2  3  4  5  6  7  8  9 10 11 |
---------------+----------------------------------+-----
Spellcasting   | 3 4 |  4.2
Conjurations   | 5 6 7 8 11 13 14 15 | 15.1
Hexes          | 1 |  1.0
Invocations    | 2 3 6 7 |  7.4
Dodging        | |  1.7
Stealth        | |  1.7

Action                   |  1- 3 |  4- 6 |  7- 9 | 10-12 || total
-------------------------+-------+-------+-------+-------++-------
Melee: Dagger            |    37 |    18 |       |       ||    55
       Tailslap          |     2 |     5 |     4 |     5 ||    16
       Short sword       |       |    39 |    44 |    43 ||   126
 Cast: Magic Dart        |    64 |    97 |   165 |   147 ||   473
       Searing Ray       |     2 |     6 |    32 |    15 ||    55
       Iskenderun's Batt |       |       |     7 |    40 ||    47
 Abil: Breathe Frost     |       |       |     3 |     4 ||     7
  Use: Scroll            |       |     6 |     3 |     2 ||    11
       Potion            |       |     2 |     4 |       ||     6
 Stab: Invisible         |       |     1 |       |       ||     1
Armor: Skin              |    33 |    24 |    44 |    53 ||   154
Dodge: Dodged            |    34 |    43 |    54 |    56 ||   187
